 Dungeon Crawl Stone Soup version 0.26-a0-660-gc07710193c (webtiles) character file.

Game seed: 17194238881522715643

13 lunkers the Sneak (level 2, -21/19 HPs)
             Began as a Kobold Delver on Oct 7, 2020.
             Demolished by Menkaure (24 damage)
             ... on level 4 of the Dungeon.
             The game lasted 00:01:11 (164 turns).

lunkers the Sneak (Kobold Delver)                    Turns: 164, Time: 00:01:11

Health: -21/19     AC:  3    Str:  9    XL:     2   Next: 50%
Magic:  2/2        EV: 14    Int: 11    God:
Gold:   26         SH:  0    Dex: 16    Spells: 1/1 levels left

rFire    . . .     SeeInvis .   a - +0 short sword
rCold    . . .     Faith    .   (shield restricted)
rNeg     . . .     Spirit   .   b - +0 leather armour
rPois    .         Reflect  .   (no helmet)
rElec    .         Harm     .   (no cloak)
rCorr    .         Rampage  .   (no gloves)
MR       +....     Rnd*Tele +   (no boots)
Stlth    ++++......             (no amulet)
HPRegen  0.06/turn              h - ring of protection from magic
MPRegen  0.08/turn              j - ring of teleportation (curse)

@: no status effects
A: small, nightstalker 3
a: no special abilities


You were on level 4 of the Dungeon.
You visited 1 branch of the dungeon, and saw 2 of its levels.

You collected 26 gold pieces.

Inventory:

Hand Weapons
 a - a +0 short sword (weapon)
Armour
 b - a +0 leather armour (worn)
Jewellery
 h - a ring of protection from magic (left hand)
 j - a cursed ring of teleportation (right hand)
Wands
 g - a wand of digging (3)
Scrolls
 c - a scroll of fog
 d - a scroll of magic mapping
Potions
 f - a potion of haste


   Skills:
 - Level 3.2 Fighting
 + Level 3.4 Short Blades
 - Level 2.4 Dodging
 + Level 7.0 Stealth


You had one spell level left.
You didn't know any spells.
Your spell library was empty.

Dungeon Overview and Level Annotations

Branches:
Dungeon (5/15)
 Temple: D:4-7

Altars:
The Shining One

Annotations:
D:4 2 runed translucent doors, Menkaure


Innate Abilities, Weirdness & Mutations

You are small and have problems with some larger weapons.
You are completely attuned to the shadows.


Message History

The hound closely misses you.
The worker ant waves its antennae.
The worker ant barely misses you.
The hound bites you but does no damage. x2; The worker ant closely misses you.
The hound barely misses you.
Really walk into that teleport trap?
You enter a teleport trap!
The teleport trap disappears.
Your surroundings suddenly seem different.
An orc, an orc priest and Menkaure come into view.
The orc priest closely misses you.
Menkaure shouts!
Found a sapphire ring.
Unknown command.
You hear a shout! x3; You hear an angry hiss.
The orc priest closely misses you.
As you read the scroll of fear, it crumbles to dust.
You assume a fearsome visage.
Menkaure is unaffected.
The orc looks frightened!
The orc priest looks frightened!
Menkaure hits you!!
Ouch! That really hurt!
You die...

###. #
.... .##
#...##...
.#...=..#
...##@#
#..M.#
..o#.o..#
## #.#...
..#...
#.. ..


You could see Menkaure, an orc priest (fleeing) and an orc (fleeing).

Vanquished Creatures
  An adder (D:5)
  A leopard gecko (D:5)
  An orc (D:5)
3 creatures vanquished.

Notes
Turn   | Place    | Note
-------+----------+-------------------------------------------
     0 | D:5      | lunkers the Kobold Delver began the quest for the Orb.
     0 | D:5      | Reached XP level 1. HP: 14/14 MP: 1/1
    53 | D:5      | Found a glowing golden altar of the Shining One.
   127 | D:5      | Reached skill level 7 in Stealth
   127 | D:5      | Reached XP level 2. HP: 19/19 MP: 2/2
   146 | D:4      | Found a large runed translucent door.
   146 | D:4      | Found a large runed translucent door.
   162 | D:4      | Noticed Menkaure
   164 | D:4      | Demolished by Menkaure

Illustrated notes

Levels and vault maps discovered:
D:4:      black_bear_nest_1, layout_loops_ring, minmay_temple_entry_ruins,
          gup_sewer_entry_bowl, minmay_hollow_rounded_squares, uniq_grinder,
          uniq_menkaure
D:5:      layout_loops_ring, lemuel_crystal_altar, kennysheep_little_box,
          serial_shops, shop

Skill      XL: |  1 |
---------------+----+-----
Short Blades   | 3 |  3.4
Stealth        | 7 |  7.0
Fighting       | |  3.2
Dodging        | |  2.4

Action                   || total
-------------------------++-------
Melee: Short sword       ||    22
  Use: Scroll            ||     2
 Stab: Distracted        ||     1
       Sleeping          ||     1
Armor: Leather armour    ||     5
Dodge: Dodged            ||    26

Table legend: (Time is in decaauts)
 A = Elapsed time spent in this place.
 B = Non-inter-level travel time spent in this place.
 C = Inter-level travel time spent in this place.
 D = Time resting spent in this place.
 E = Time spent auto-exploring this place.
 F = Levels seen in this place.
 G = Mean time per level.
                   A        B        C        D        E       F      G
               +--------+--------+--------+--------+--------+-----+--------+
         Total |    161 |    161 |      0 |      0 |     95 |   2 |   80.5 |
       Dungeon |    161 |    161 |      0 |      0 |     95 |   2 |   80.5 |
               +--------+--------+--------+--------+--------+-----+--------+

Top non-repeatable levels by time:
     D:5: 138 daAuts
     D:4: 23 daAuts
